 Dungeon Crawl Stone Soup version 0.31.0-32-g396128a36d (webtiles) character file.

Game seed: 1735002454648807954

73 Econoterrorist the Slasher (level 4, -5/39 HPs)
             Began as a Minotaur Fighter on Apr 11, 2024.
             Splashed by a jelly's acid (7 damage)
             ... on level 2 of the Dungeon.
             The game lasted 00:03:24 (926 turns).

Econoterrorist the Slasher (Minotaur Fighter)        Turns: 926, Time: 00:03:24

Health: -5/39      AC:  0    Str: 20    XL:     4   Next: 8%
Magic:  3/3        EV:  9    Int:  5    God:
Gold:   90         SH:  4    Dex: 12    Spells: 3/3 levels left

rFire   . . .        a - +0 long sword
rCold   . . .        c - +0 buckler
rNeg    . . .        b - +0 scale mail
rPois   .            (helmet restricted)
rElec   .            l - +0 cloak
rCorr   .            (no gloves)
SInv    .            (no boots)
Will    .....        (no amulet) Stlth
                     (no ring)
HPRegen 0.26/turn    (no ring)
MPRegen 0.08/turn

%: no passive effects
@: corroded
A: horns 2, retaliatory headbutt
a: no special abilities


You were on level 2 of the Dungeon.
You visited 1 branch of the dungeon, and saw 2 of its levels.

You collected 90 gold pieces.

Inventory:

Hand Weapons
 a - a +0 long sword (weapon)
Armour
 b - a +0 scale mail (worn)
 c - a +0 buckler (worn)
 l - a +0 cloak (worn)
Scrolls
 f - a scroll of blinking {unknown}
 i - a scroll of vulnerability {unknown}
 j - a scroll of identify {unknown}
Potions
 d - a potion of might
 e - a potion of attraction {unknown}
 g - 2 potions of curing {unknown}
 h - a potion of haste {unknown}
 k - a potion of mutation {unknown}


   Skills:
 - Level 3.6 Fighting
 + Level 5.3 Long Blades
 - Level 3.6 Armour
 - Level 3.6 Shields


You had 3 spell levels left.
You didn't know any spells.
Your spell library contained the following spells:

 Spells                   Type           Power      Damage    Failure   Level
 Fugue of the Fallen      Necr           0%         N/A       99%         3
 Ozocubu's Armour         Ice            0%         N/A       99%         3
 Manifold Assault         Tloc           0%         N/A       100%        4


Dungeon Overview and Level Annotations

Branches:
Dungeon (2/15)

Altars:


Innate Abilities, Weirdness & Mutations

You have a pair of horns on your head.
You reflexively headbutt those who attack you in melee.


Message History

The jelly quivers. x2
Something hits the toadstool.
An endoplasm comes into view.
Found a goblin skeleton.
You hit the endoplasm.
The endoplasm is lightly wounded.
The endoplasm barely misses you.
You hit the endoplasm.
The endoplasm is heavily wounded.
Something hits the toadstool.
The endoplasm closely misses you.
You hit the endoplasm but do no damage. You headbutt the endoplasm.
You kill the endoplasm!
An endoplasm comes into view.
The endoplasm quivers.
You hit the jelly. The acid corrodes you!
Your hands burn!
The jelly is moderately wounded.
The jelly hits you.
You are splashed with acid!
You hit the jelly.
Your hands burn!
The jelly is severely wounded.
The jelly hits you but does no damage.
Something hits the toadstool.
The toadstool is destroyed!
You hit the jelly.
Your hands burn!
You headbutt the jelly.
You kill the jelly!
The jelly closely misses you.
Your Long Blades skill increases to level 5!
You have reached level 4!
You feel agile.
You hit the jelly. The acid corrodes you!
Your hands burn!
* * * LOW HITPOINT WARNING * * *
The jelly is moderately wounded.
The jelly hits you.
* * * LOW HITPOINT WARNING * * *
You are splashed with acid!
* * * LOW HITPOINT WARNING * * *
An endoplasm comes into view.
Okay, then.
The jelly attacks as it pursues you! The jelly hits you.
* * * LOW HITPOINT WARNING * * *
You are splashed with acid!
You die...

##.....###.....##
#####)##.......#
#).##.......#
#)###.......#
####.# #.......#
#....# ####..).#
#....###..')...#
#....##.########
#....###..)@J.#
#....# #######J#
#....# ..# #....#
P.# #....# P÷#
P.# J.# ..#


You could see a jelly and an endoplasm.

Vanquished Creatures
  A jelly (D:2)
  2 dart slugs
  3 endoplasms
  A giant cockroach (D:1)
  3 goblins (D:1)
  6 hobgoblins (D:1)
  9 kobolds
  3 quokkas (D:1)
  3 ball pythons (D:1)
  3 bats (D:1)
  A frilled lizard (D:1)
  A rat (D:1)
36 creatures vanquished.

Notes
Turn   | Place    | Note
-------+----------+-------------------------------------------
     0 | D:1      | Econoterrorist the Minotaur Fighter began the quest for the
                  | Orb.
     0 | D:1      | Reached XP level 1. HP: 19/19 MP: 0/0
   141 | D:1      | Reached skill level 3 in Long Blades
   163 | D:1      | Reached XP level 2. HP: 18/26 MP: 1/1
   319 | D:1      | Reached skill level 4 in Long Blades
   406 | D:1      | Reached XP level 3. HP: 31/31 MP: 2/2
   924 | D:2      | Reached skill level 5 in Long Blades
   924 | D:2      | Reached XP level 4. HP: 15/39 MP: 3/3
   926 | D:2      | Splashed by a jelly's acid

Illustrated notes

Levels and vault maps discovered:
D:1:      eino_arrival_cavern_d, layout_basic, columned_hall_lemuel,
          dk_noncrumbling_2, st_stairs_4, minmay_misc_feat_iff
D:2:      cheibrodos_fertilizer, layout_basic, serial_forest,
          infiniplex_forest_clump_diagonal, infiniplex_forest_lined_3_way,
          infiniplex_forest_clump_long, infiniplex_forest_zigzag_1,
          infiniplex_forest_join, infiniplex_forest_clump_double,
          infiniplex_forest_end_1, guppyfry_early_lair_pool

Skill      XL: |  1  2  3 |
---------------+----------+-----
Long Blades    | 3 4 5 |  5.3
Fighting       | |  3.6
Armour         | |  3.6
Shields        | |  3.6

Action                     |  1- 3 |  4- 6 || total
---------------------------+-------+-------++-------
  Melee: Long sword        |    97 |     1 ||    98
         Headbutt          |    13 |       ||    13
 Armour: Scale mail        |    61 |     2 ||    63
  Dodge: Dodged            |    51 |       ||    51
  Block: Buckler           |    24 |       ||    24
